 Dungeon Crawl Stone Soup version 0.25-a0-645-gb4487340cb (webtiles) character file.

Game seed: 8763894334529996565, levelgen mode: deterministic

79 Mehrunes the Insei (level 4, -7/34 HPs)
             Began as a Merfolk Transmuter on Mar 21, 2020.
             Was an Initiate of Gozag.
             Killed by divine providence
             ... invoked by an orc priest
              (16 damage)
             ... on level 3 of the Dungeon.
             The game lasted 00:04:55 (3014 turns).

Mehrunes the Insei (Merfolk Transmuter)             Turns: 3014, Time: 00:04:55

Health: -7/34      AC:  3    Str: 11    XL:     4   Next: 37%
Magic:  7/7        EV: 13    Int: 12    God:    Gozag
Gold:   116        SH:  0    Dex: 14    Spells: 4/7 levels left

rFire    . . .     SeeInvis .     - Unarmed
rCold    . . .     Gourm    .   (no shield)
rNeg     . . .     Faith    .   b - +0 robe
rPois    .         Spirit   .   (no helmet)
rElec    .         Reflect  .   n - scarf {cloud immunity}
rCorr    .         Harm     .   e - +0 pair of gloves
MR       .....                  (no boots)
Stlth    +.........             (no amulet)
HPRegen  0.11/turn              (no ring)
MPRegen  0.10/turn              (no ring)

@: no status effects
A: change form in water, swift swim, stealthy swim
a: Potion Petition, Call Merchant, Bribe Branch, Renounce Religion


You were on level 3 of the Dungeon.
You worshipped Gozag.
Gozag was aware of your devotion.
You were not hungry.

You visited 1 branch of the dungeon, and saw 3 of its levels.

You collected 143 gold pieces.
You paid 27 gold pieces to Gozag.

Inventory:

Missiles
 a - 12 arrows
Armour
 b - a +0 robe (worn)
 e - a +0 pair of gloves (worn)
 h - a +0 buckler
 n - a scarf of cloud immunity (worn)
Scrolls
 f - 3 scrolls of identify {unknown}
 k - a scroll of teleportation {unknown}
 l - a scroll of remove curse {unknown}
 m - a scroll of random uselessness {unknown}
 o - a scroll of immolation {unknown}
Potions
 c - a potion of curing {unknown}
 g - a potion of brilliance {unknown}
 i - a potion of invisibility {unknown}
 j - a potion of flight {unknown}
Comestibles
 d - 2 rations


   Skills:
 + Level 2.7 Fighting
 - Level 2.6 Dodging
 + Level 4.1 Unarmed Combat
 - Level 2.0 Spellcasting
 + Level 4.1 Transmutations


You had 4 spell levels left.
You knew the following spells:

 Your Spells              Type           Power        Failure   Level  Hunger
a - Beastly Appendage     Tmut           ##....       4%          1    ##.....
b - Sticks to Snakes      Tmut           ##......     8%          2    ###....

Your spell library contained the following spells:

 Spells                   Type           Power        Failure   Level  Hunger
 Spider Form              Tmut/Pois      #.........   34%         3    ####...
 Ice Form                 Ice/Tmut       #.......     75%         4    #####..
 Blade Hands              Tmut           ##........   80%         5    ######.


Dungeon Overview and Level Annotations

Branches:
Dungeon (3/15)

Altars:
Gozag
Xom


Message History

The orc priest shouts!
Found 15 gold pieces.
An orc priest is nearby!
The orc priest invokes the aid of Beogh against you.
Pain shoots through your body!
Your horns disappear.
The orc priest barely misses you.
You hit the orc priest.
The orc priest is lightly wounded.
The orc priest hits you.
* * * LOW HITPOINT WARNING * * *
You closely miss the orc priest.
The orc priest is lightly wounded.
The orc priest closely misses you.
You hit the orc priest but do no damage.
The orc priest is lightly wounded.
The orc priest calls down the wrath of Beogh upon you.
Beogh smites you!
You die...
Your body crumbles into a pile of gold.

#...##(#######
#....##(# #..#.##)#
#..#.##<# .#
#..#.##.# #$# #..
#..#.##.###########.#
#.# ...........##.#
#.# #........o....##
#.. ...#
#@#...#####.## ####
#......#.....
#........##>#
##.....####.# ##...##
#.# ##.## #.# #.# #.#
#.# #.# #.######.#


You could see an orc priest.

Vanquished Creatures
  3 adders
  An adder zombie (D:2)
  A worm (D:3)
  A leopard gecko (D:3)
  An orc (D:2)
  3 bats
  5 goblins
  4 hobgoblins
  7 jackals
  10 kobolds
  A quokka (D:2)
  A frilled lizard (D:2)
  A rat (D:2)
39 creatures vanquished.

Notes
Turn   | Place    | Note
-------+----------+-------------------------------------------
     0 | D:1      | Mehrunes the Merfolk Transmuter began the quest for the
                  | Orb.
     0 | D:1      | Reached XP level 1. HP: 15/15 MP: 3/3
   225 | D:1      | Reached XP level 2. HP: 10/21 MP: 5/5
  1618 | D:2      | Reached XP level 3. HP: 20/27 MP: 6/6
  1747 | D:2      | Learned a level 2 spell: Sticks to Snakes
  2078 | D:2      | Found a shimmering altar of Xom.
  2163 | D:2      | Found an opulent altar of Gozag.
  2368 | D:2      | Became a worshipper of Gozag Ym Sagoz the Greedy
  2594 | D:3      | Noticed a bullfrog
  2622 | D:3      | Reached XP level 4. HP: 21/34 MP: 7/7
  3014 | D:3      | Killed from afar by an orc priest

Levels and vault maps discovered:
D:1:      saegor_arrival_miasma, layout_loops_ring
D:2:      layout_basic, brannock_xom_greatest_gift, grunt_gozag_breadcrumbs
D:3:      layout_loops_ring, overflow_temple_1_default, first_ration,
          minmay_diced_spiral, uniq_natasha, uniq_crazy_yiuf_cottage,
          uniq_sigmund

Skill      XL: |  1  2  3  4 |
---------------+-------------+-----
Transmutations | 3 4 |  4.1
Fighting       | 2 |  2.7
Unarmed Combat | 4 |  4.1
Dodging        | |  2.6
Spellcasting   | |  2.0

Action                   |  1- 3 |  4- 6 || total
-------------------------+-------+-------++-------
Melee: Unarmed           |   153 |    30 ||   183
       Punch             |     1 |       ||     1
       Headbutt          |       |     5 ||     5
 Cast: Beastly Appendage |       |     2 ||     2
Invok: Potion Petition   |       |     1 ||     1
 Stab: Sleeping          |     1 |       ||     1
  Eat: Chunk             |     1 |       ||     1
       Ration            |     1 |     1 ||     2
Armor: Robe              |    45 |     1 ||    46
Dodge: Dodged            |    97 |    15 ||   112

Table legend:
 A = Non-vault XP
 B = Vault XP
 C = Vault XP percentage of total XP
 D = Non-vault monster count
 E = Vault monster count
 F = Vault count percentage of total count
                 A         B        C        D         E       F
            +---------+---------+-------+---------+---------+-------
      Total |      97 |      16 |  14.2 |      36 |       3 |   7.7
            +---------+---------+-------+---------+---------+-------
        D:1 |      17 |       0 |   0.0 |       9 |       0 |   0.0
        D:2 |      42 |       0 |   0.0 |      15 |       0 |   0.0
        D:3 |      38 |      16 |  29.6 |      12 |       3 |  20.0
            +---------+---------+-------+---------+---------+-------
